AoeStats
← Fty

Hill Fort

506672248Analyzed
2v2 RM · 19d ago on Sep 14, 2026· 50m 5s· 4 players
Game mode
Random Map
Map size
Medium (4 player)
Population
200
Speed
Normal
Resources
Standard
Victory
Conquest
Starting age
Dark Age
Ending age
Imperial Age
RankedLock teamsTeams togetherTeam positionsShared explorationLock speedFull tech treeHidden civsTurbo modeCheats
Victory
Defeat
🇨🇦 Bengalis · Canada
1101
+14
🇳🇱 Franks · Netherlands
1032
+17
🇹🇷 Maya · Türkiye
1142
-19
🇹🇷 Saracens · Türkiye
966
-12
adjorno
7:55 Loom
10:01 Feudal Age
11:00 Double-Bit Axe
11:53 Loom
19:46 Castle Age
20:41 Husbandry
21:44 Town Watch
25:51 Scale Barding Armor
26:23 Gold Mining
27:33 Wheelbarrow
28:01 Forging
30:19 Chain Barding Armor
31:46 Fletching
32:32 Iron Casting
32:22 Hand Cart
33:25 #83
35:40 Bodkin Arrow
36:44 Squires
36:27 Pikeman
39:16 Padded Archer Armor
45:10 Imperial Age
43:54 Caravan
45:10 Gold Shaft Mining
47:02 Plate Barding Armor
46:11 Cavalier
48:05 Ballistics
48:21 Conscription
48:16 Capped Ram
51:01 Blast Furnace
Bugzy
10:37 Feudal Age
14:25 Castle Age
14:22 Loom
15:01 Double-Bit Axe
22:55 Redemption
28:18 Fletching
37:43 Bodkin Arrow
37:48 Padded Archer Armor
40:09 Leather Archer Armor
41:24 Ballistics
44:15 Imperial Age
45:26 Wheelbarrow
44:23 Elite Elephant Archer
45:04 Bracer
45:35 Ring Archer Armor
45:19 Masonry
46:19 Chemistry
45:29 Siege Elephant
Lord.Erdali
0:28 Loom
8:40 Feudal Age
13:56 Fletching
23:34 Castle Age
22:44 Padded Archer Armor
23:43 Crossbowman
24:28 Thumb Ring
27:18 Double-Bit Axe
28:57 Bodkin Arrow
34:38 Ballistics
34:53 Gold Mining
34:53 Treadmill Crane
41:15 Leather Archer Armor
42:06 Wheelbarrow
43:08 Town Watch
44:08 Hul'che Javelineers
43:30 Elite Skirmisher
46:36 Hand Cart
Fty
10:46 Feudal Age
12:22 Double-Bit Axe
14:57 Loom
21:06 Castle Age
20:10 Forging
21:14 Horse Collar
27:21 Scale Barding Armor
29:33 Husbandry
34:40 Chain Barding Armor
44:55 Bloodlines
45:26 Iron Casting
Connection lost

Rejoining the realm…

Still unreachable

The connection could not be restored.

Session expired

The server has moved on; the page needs a fresh start.